Unix NetHack Version 5.0.0-0 post-release - last build Jun 10 2026 00:39:30 (3ee93aec679c4c4259841fe613dc97188e26a321,branch:main).

Game began 2026-06-25 03:49:29, ended 2026-06-25 04:10:30.

JohnDarcy, neutral male human Tourist

     ----------
     |....*....#
     |........|#
     |........|#
     |........|#
     |........|##
     |........| #
     -------.-- #
            #   #
            #   #
            #   #
            #   #####
           ##       @
    -------|---     P
    |.........|
    |.........|
    |<.........######################`
    |.........|
    -----------

JohnDarcy the Sightseer     St:11 Dx:9 Co:14 In:12 Wi:11 Ch:18  Neutral
Dlvl:6  $:275 HP:0(18) Pw:19(19) AC:9  Xp:3 T:1379 

Latest messages:
 Unlock it with your lock pick? [ynq] (q) y
 You succeed in picking the lock.
 The door resists!
 The door opens.
 You find a hidden passage.
 What do you want to use or apply? [jqz or ?*] c
 You don't have that object.
 What do you want to use or apply? [jqz or ?*] ?
 What do you want to use or apply? [jqz or ?*] 2
 No count allowed with this command.
 What do you want to use or apply? [jqz or ?*] <esc>
 Never mind.
 You swap places with Lurch.
 You climb up the stairs.
 You descend the stairs.
 You climb up the stairs.
 You climb up the stairs.
 You see here an unlocked large box containing 5 items.
 c - an expensive camera (0:46).
 You put an uncursed credit card into the large box.
 You swap places with Lurch.
 You descend the stairs.
 You descend the stairs.
 You swap places with Lurch.
 Lurch misses the newt.
 Lurch misses the newt.
 Lurch misses the newt.
 Lurch bites the newt.
 The newt is killed!
 With great effort you move the boulder.
 You try to move the boulder, but in vain.
 You try to move the boulder, but in vain.
 You try to move the boulder, but in vain.
 You swap places with Lurch.
 What do you want to throw? [$a or ?*] a
 In what direction? 2
 The dart hits the gray ooze!
 What do you want to throw? [$a or ?*] a
 In what direction? 2
 The dart misses the gray ooze.
 The gray ooze bites!
 Your Hawaiian shirt is not affected by oxidation.
 What do you want to throw? [$a or ?*] a
 In what direction? 2
 The dart hits the gray ooze!
 The gray ooze bites!
 Your Hawaiian shirt is not affected by oxidation.
 You die...
 Do you want your possessions identified? [ynq] (y) y
 Do you want to see your attributes? [ynq] (y) q

Inventory:
 Coins    ('$')
  $ - 275 gold pieces
 Weapons  (')')
  a - 26 +2 darts (at the ready)
 Armor    ('[')
  s - an uncursed +0 orcish helm (being worn)
  h - an uncursed +0 Hawaiian shirt with a palm tree motif (being worn)
 Comestibles  ('%')
  D - an uncursed clove of garlic
  d - 9 uncursed food rations
  A - an uncursed sprig of wolfsbane
  b - 5 uncursed tripe rations
  B - 7 uncursed tripe rations
 Scrolls  ('?')
  G - an uncursed scroll of enchant weapon
  n - an uncursed scroll of food detection
  g - a blessed scroll of magic mapping
  f - 3 uncursed scrolls of magic mapping
 Potions  ('!')
  e - 2 uncursed potions of extra healing
  E - a blessed potion of polymorph
  y - a potion of unholy water
 Wands    ('/')
  q - a wand of fire (0:7)
 Tools    ('(')
  c - an expensive camera (0:46)
  z - an uncursed lock pick

JohnDarcy the Tourist's attributes:

Background:
 You were a Sightseer, a level 3 male human Tourist.
 You were neutral, nominally on a mission for The Lady
 who was opposed by Blind Io (lawful) and Offler (chaotic).
 You were right-handed.
 You were in the Dungeons of Doom, on level 6.
 You entered the dungeon 1379 turns ago.
 It was nighttime.
 You had 43 experience points, 37 more were needed to attain level 4.

Basics:
 You had 0 out of 18 hit points.
 You had all 19 energy points (spell power).
 Your armor class was 9.
 Your wallet contained 275 zorkmids.
 Autopickup was off.

Final Characteristics:
 Your strength was 11 (limit:18/100).
 Your dexterity was 9 (limit:18).
 Your constitution was 14 (limit:18).
 Your intelligence was 12 (limit:18).
 Your wisdom was 11 (limit:18).
 Your charisma was 18 (limit:18).

Final Status:
 You weren't hungry.
 You were unencumbered.
 You were bare handed.
 You were unskilled in bare handed combat.

Final Attributes:
 You were nominally aligned.
 You were fast.
 You are dead.

Miscellaneous:
 You didn't encounter any bones levels.
 Total elapsed playing time was 21 minutes.

Major events:
 Turn
    1: JohnDarcy the neutral male human Tourist entered the dungeon
  208: entered the Gnomish Mines
 1245: attained the rank of Sightseer (level 3)
 1379: killed by a gray ooze

You didn't know any spells.

Skills:
 Fighting Skills
   bare handed combat [Unskilled]
   two weapon combat  [Unskilled]
   riding             [Unskilled]
 Weapon Skills
   dagger             [Unskilled]
   knife              [Unskilled]
   axe                [Unskilled]
   pick-axe           [Unskilled]
   short sword        [Unskilled]
   broadsword         [Unskilled]
   long sword         [Unskilled]
   two-handed sword   [Unskilled]
   saber              [Unskilled]
   mace               [Unskilled]
   morning star       [Unskilled]
   flail              [Unskilled]
   hammer             [Unskilled]
   quarterstaff       [Unskilled]
   polearms           [Unskilled]
   spear              [Unskilled]
   trident            [Unskilled]
   lance              [Unskilled]
   bow                [Unskilled]
   sling              [Unskilled]
   crossbow           [Unskilled]
   dart               [Basic]
   shuriken           [Unskilled]
   boomerang          [Unskilled]
   whip               [Unskilled]
   unicorn horn       [Unskilled]
 Spellcasting Skills
   divination spells  [Unskilled]
   enchantment spells [Unskilled]
   escape spells      [Unskilled]

Voluntary challenges:
 Character rerolling was not enabled.
 You followed a strict vegan diet.
 You were an atheist.
 You never hit with a wielded weapon.
 You were illiterate.
 You never genocided any monsters.
 You never polymorphed an object.
 You never changed form.
 You used no wishes.
Achievements:
 You entered the Gnomish Mines.
 You entered a shop.
 You attained the rank of Sightseer.

 The Dungeons of Doom: levels 1 to 6
    Level 1:
    Level 2:
       A general store.
       Stairs down to The Gnomish Mines.
    Level 3:
       A food shop, a grave.
    Level 4:
       A fountain.
    Level 5:
    Level 6: <- You were here.
       Final resting place for
          you, killed by a gray ooze.
 The Gnomish Mines:
    Level 3:


Vanquished creatures:
 an iguana
  3 coyotes
  a giant rat
  3 geckos
  3 jackals
  a kobold
  a goblin
  a sewer rat
  2 grid bugs
  2 newts
18 creatures vanquished.

No species were genocided or became extinct.

Game over:
                       ----------
                      /          \
                     /    REST    \
                    /      IN      \
                   /     PEACE      \
                  /                  \
                  |    JohnDarcy     |
                  |      275 Au      |
                  | killed by a gray |
                  |       ooze       |
                  |                  |
                  |                  |
                  |       2026       |
                 *|     *  *  *      | *
        _________)/\\_//(\/(/\)/\//\/|_)_______

Aloha JohnDarcy the Tourist...

You died in The Dungeons of Doom on dungeon level 6 with 462 points,
and 275 pieces of gold, after 1379 moves.
You were level 3 with a maximum of 18 hit points when you died.

